Map: Lerilak Crest

Players

PiG

  • Race: Zerg Zerg
  • League: Grandmaster

lIlIlIlIlIlI (SortOf) - Winner!

  • Race: Zerg Zerg

Event: NationWars III

VOD

Have the link to the VOD?

Description

Time

  • Played on: Dec. 6, 2015, 1:57 p.m.
  • Length: 9:02

All games in this series

Show
View Real Time Build Order
Export as new Build Order

PiG Zerg 

Build Orders: Hatch First 

Get SALT Encoding   

  12  0:06  Drone  
  13  0:15  Overlord  
  13  0:18  Drone  
  14  0:33  Drone x2  
  16  0:40  Drone  
  17  0:55  Hatchery, Drone  
  17  1:01  Drone  
  18  1:11  Spawning Pool  
  18  1:17  Drone  
  18  1:21  Extractor  
  18  1:23  Drone  
  18  1:33  Drone  
  19  1:44  Hatchery  
  19  1:47  Drone  
  19  2:00  Queen  
  21  2:06  Spine Crawler  
  21  2:07  Zergling x4  
  25  2:09  Zergling x2  
  26  2:17  Baneling Nest  
  26  2:18  Zergling x2  
  26  2:21  Zergling x2  
  25  2:33  Overlord  
  25  2:35  Overlord  
  25  2:51  Metabolic Boost, Queen  
  27  3:03  Baneling x2  
  27  3:06  Drone x2  
  27  3:07  Zergling x2  
  27  3:12  Baneling  
  30  3:23  Hatchery  
  28  3:37  Zergling x4  
  30  3:45  Zergling x2  
  31  4:02  Overlord  
  29  4:12  Overlord  
  29  4:16  Baneling  
  29  4:17  Baneling x2  
  29  4:25  Zergling x6  
  32  4:33  Hatchery  
  32  4:36  Drone  
  32  4:49  Drone x3  
  32  4:50  Drone  
  36  4:52  Roach Warren  
  36  4:56  Drone  
  36  5:12  Drone x3  
  36  5:13  Drone  
  39  5:14  Drone x3  
  39  5:16  Extractor  
  41  5:25  Baneling x2  
  41  5:26  Baneling  
  41  5:34  Overlord  
  41  5:35  Overlord x2  
  41  5:41  Roach x2  
  44  6:03  Roach  
  44  6:04  Roach x5  
  53  6:07  Roach  
  53  6:08  Zergling x4  
  56  6:12  Roach x2  
  56  6:17  Drone x2  
  56  6:18  Drone x2  
  60  6:27  Drone, Ravager x3  
  60  6:31  Drone x2  
  65  6:32  Drone  
  65  6:36  Roach x2  
  67  6:48  Roach x4  
  67  6:53  Drone x3  
  77  7:04  Ravager  
  77  7:05  Ravager  
  77  7:06  Overlord x2, Ravager  
  80  7:10  Extractor  
  80  7:15  Evolution Chamber  
  78  7:24  Drone  
  78  7:25  Lair, Drone x5  
  78  7:27  Drone x3  
  85  7:31  Drone x2  
  85  7:33  Drone  
  88  7:37  Drone  
  88  7:38  Drone  
  88  7:40  Overlord  
  90  7:44  Roach  
  90  7:48  Roach x2  
  96  7:58  Roach x2  
  90  8:06  Overlord x2  
  90  8:08  Roach x3  
  88  8:19  Roach x5  
  91  8:22  Roach  
  77  8:31  Roach  
Show
View Real Time Build Order
Export as new Build Order

lIlIlIlIlIlI Zerg - Winner!

Build Orders: Pool First 

Get SALT Encoding   

  12  0:01  Drone  
  13  0:17  Drone  
  14  0:21  Extractor  
  14  0:27  Spawning Pool  
  12  0:32  Drone  
  13  0:37  Drone  
  14  0:45  Drone, Extractor  
  15  0:51  Overlord  
  15  1:14  Queen  
  15  1:15  Zergling x4  
  19  1:22  Metabolic Boost  
  19  1:27  Zergling x2  
  19  1:31  Zergling x2  
  21  1:41  Overlord  
  21  1:49  Zergling x2  
  22  2:05  Hatchery  
  21  2:08  Zergling x2  
  22  2:17  Baneling Nest  
  22  2:21  Drone  
  22  2:26  Drone  
  23  2:33  Drone x2  
  24  2:45  Queen  
  24  2:50  Zergling x2  
  27  2:57  Drone  
  29  2:58  Drone  
  29  3:09  Baneling x2  
  29  3:17  Drone x3  
  32  3:26  Drone x2  
  32  3:35  Drone x2  
  32  3:39  Zergling x2  
  35  3:42  Overlord  
  35  3:48  Baneling x2  
  35  3:51  Drone  
  35  3:52  Overlord  
  36  4:00  Queen  
  36  4:02  Drone x2  
  40  4:05  Drone  
  40  4:08  Drone x2  
  43  4:10  Drone  
  43  4:14  Drone  
  45  4:19  Zergling x4  
  45  4:21  Overlord  
  48  4:24  Drone  
  48  4:35  Evolution Chamber  
  47  4:49  Zergling x10  
  47  4:50  Hatchery, Zergling x2  
  52  4:54  Roach Warren  
  51  5:00  Lair  
  51  5:02  Drone  
  51  5:06  Drone x2  
  54  5:14  Drone x4  
  52  5:16  Extractor  
  52  5:17  Drone  
  53  5:21  Overlord  
  53  5:32  Extractor  
  52  5:36  Baneling x2  
  52  5:37  Drone x5  
  52  5:39  Zerg Missile Weapons Level 1, Roach  
  52  5:40  Roach  
  61  5:43  Roach  
  63  5:51  Roach  
  63  5:52  Roach x2  
  68  6:02  Roach x3  
  72  6:09  Glial Reconstitution  
  71  6:12  Drone x2  
  71  6:15  Overlord x3  
  73  6:21  Spine Crawler  
  72  6:31  Overlord  
  73  6:32  Drone  
  73  6:33  Drone  
  73  6:36  Overlord  
  73  6:38  Drone x2  
  76  6:45  Roach x6  
  76  6:47  Drone  
  83  6:51  Drone x2  
  82  6:55  Extractor  
  82  6:56  Drone x2  
  83  7:02  Queen  
  83  7:04  Roach x2  
  90  7:09  Roach x2  
  90  7:13  Roach x2  
  90  7:15  Ravager x2  
  100  7:17  Roach  
  100  7:20  Roach  
  104  7:27  Drone x2  
  109  7:30  Roach x3  
  109  7:34  Roach x2  
  113  7:40  Overlord x2  
  113  7:46  Extractor  
  112  8:05  Roach x6  
  121  8:12  Roach  
  121  8:17  Roach x3  
  127  8:23  Roach x2  
  127  8:26  Roach  
  124  8:28  Roach  
  124  8:33  Roach  
Tags
 
Add a new tag
Caveats
  • Supply blocks, unpowered buildings, or Contaminate may cause inaccurate times.
  • Supply counts are checked every 10 seconds.